cohdb
Replays
Latest Replays
All Replays
Popular Replays
Top Player Replays
Match Explorer
How It Works
Community
CoH3 Stats
Reddit
Sign in to upload your games and track your stats! →
Sign in with Steam
Match 35273010
Unlisted
Match 35273010
Overview
Messages
Build Orders
End
Construct Weapon Support Center
Selects Special Operations Battlegroup
Selects M29 Weasel Recon Vehicle
M29 Weasel Recon Vehicle
M1919 Machine Gun Team
M1919 Machine Gun Team
Mechanized Support Center
Bazooka Squad
M3 Armored Personnel Carrier
M3 Armored Personnel Carrier
Designate Forward Repair Station
Construct Medical Station
M3 Armored Personnel Carrier
Designate Forward Repair Station
Selects Raiding Flares
Selects SSF Commando Squad
SSF Commando Squad
SSF Commando Squad
AI Takeover
【POW】死战不退游骑兵
Smoke
摩诘
神鹰
豪师傅
bibotot1995
Ping Ping
感官追奉者的葬礼
0
0
Comments
sign in to comment!
No comments posted yet!